 Dungeon Crawl Stone Soup version 0.30-a0-368-g86fb4627a9 (webtiles) character file.

Game seed: 7892377147337936383

51 oldriver the Grave Robber (level 3, 0/27 HPs)
             Began as a Mummy Necromancer on Nov 18, 2022.
             Slain by a goblin
             ... wielding a +0 dagger
             ... led by Robin
              (5 damage)
             ... on level 2 of the Dungeon.
             The game lasted 00:02:31 (1508 turns).

oldriver the Grave Robber (Mummy Necromancer)       Turns: 1508, Time: 00:02:31

Health: 0/27       AC:  3    Str: 11    XL:     3   Next: 57%
Magic:  0/8        EV: 12    Int: 16    God:
Gold:   68         SH:  0    Dex: 12    Spells: 6/10 levels left

rFire   x . .      SeeInvis .    f - +0 dagger
rCold   + . .      Faith    +    (no shield)
rNeg    + + +      Spirit   .    a - +0 robe
rPois   ∞          Reflect  .    (no helmet)
rElec   .          Harm     .    (no cloak)
rCorr   .          Rampage  .    (no gloves)
Will    .....                    b - +0 pair of boots
Stlth   ++........               (no amulet)
HPRegen 0.24/turn                (no ring)
MPRegen 0.11/turn                (no ring)

@: very slightly contaminated
A: cold resistance 1, negative energy resistance 3, torment resistance 2, heat
vulnerability 1, in touch with death 1, no potions, faith
a: no special abilities


You were on level 2 of the Dungeon.
You visited 1 branch of the dungeon, and saw 2 of its levels.

You collected 68 gold pieces.

Inventory:

Hand Weapons
 f - a +0 dagger (weapon)
 g - a +2 antimagic short sword
Armour
 a - a +0 robe (worn)
 b - a +0 pair of boots (worn)
Scrolls
 c - a scroll of noise {unknown}
 e - 3 scrolls of poison {unknown}


   Skills:
 + Level 2.2 Fighting
 - Level 1.5 Dodging
 - Level 1.5 Stealth
 + Level 4.0 Spellcasting
 - Level 4.0 Necromancy


You had 6 spell levels left.
You knew the following spells:

 Your Spells              Type           Power      Damage    Failure   Level
a - Necrotise             Necr           96%        1d8       3%          1
b - Vampiric Draining     Necr           24%        2d7       10%         3

Your spell library contained the following spells:

 Spells                   Type           Power      Damage    Failure   Level
 Animate Dead             Necr           24%        N/A       32%         4
 Agony                    Necr           24%        N/A       65%         5
 Summon Hydra             Summ           1%         N/A       100%        7
 Sublimation of Blood     Necr           Unusable   N/A       N/A         2
 Wereblood                Tmut           Unusable   N/A       N/A         2

Dungeon Overview and Level Annotations

Branches:
Dungeon (2/15)

Altars:

Annotations:
D:2 Robin


Innate Abilities, Weirdness & Mutations

You are immune to poison.
Your flesh is cold resistant. (rC+)
You are immune to negative energy. (rN+++)
You are immune to unholy pain and torment.
You are vulnerable to heat. (rF-)
You are in touch with the powers of death.
You do not drink.
You have a special connection with the divine. (Faith)


Message History

Unknown command.
Casting: Necrotise (safe; 3% risk of failure)
Confirm with . or Enter, or press ? or * to list all spells.
Aiming: Necrotise (safe; 3% risk of failure)
Press: ? - help, Shift-Dir - straight line, f/p - goblin
Aim: a goblin, wielding a +0 dagger (moderately wounded, strong, chance to affect: 92%)
You feel a surge of power!
You miscast Necrotise.
Nothing appears to happen.
The goblin hits you with a +0 dagger. The goblin barely misses you.
Unknown command.
Casting: Necrotise (safe; 3% risk of failure)
Confirm with . or Enter, or press ? or * to list all spells.
Aiming: Necrotise (safe; 3% risk of failure)
Press: ? - help, Shift-Dir - straight line, f/p - goblin
Aim: a goblin, wielding a +0 dagger (moderately wounded, strong, chance to affect: 92%)
You feel a surge of power!
The goblin writhes in agony.
The goblin hits you but does no damage. The goblin misses you.
Unknown command.
Casting: Necrotise (safe; 3% risk of failure)
Confirm with . or Enter, or press ? or * to list all spells.
Aiming: Necrotise (safe; 3% risk of failure)
Press: ? - help, Shift-Dir - straight line, f/p - goblin
Aim: a goblin, wielding a +0 dagger (severely wounded, strong, chance to affect: 92%)
You feel a surge of power!
The goblin writhes in agony.
You kill the goblin!
The dead are walking!
The goblin barely misses you. Robin throws the goblin at you!
You barely miss the goblin. The goblin hits you with a +0 club.
The goblin misses you.
Casting: Necrotise (safe; 3% risk of failure)
Confirm with . or Enter, or press ? or * to list all spells.
You don't have enough magic to cast this spell.
Unknown command.
You hit the goblin but do no damage.
Your goblin skeleton hits the goblin.
The goblin hits you but does no damage. The goblin hits you with a +0 dagger.
* * * LOW HITPOINT WARNING * * *
You can't drink.
As you read the scroll labelled OGUYXAAREDGH, it crumbles to dust.
You feel aware of your surroundings.
It was a scroll of magic mapping.
Your goblin skeleton hits the goblin.
The goblin hits you with a +0 dagger.
You die...

,,,,<,,,****,**#.#
,,,,,,,** **,*..#
*,,,,,** **,#.#
**,,,** **#.#
**+** #)# *,* #g#
#.* #g# ###.####
#g# .......#####
#@#
,..........#####g#
*#.....#.......Z.#
*#..#..#.#)#######
##..#..#.#Z#
...........#
###.######## #.#
#.#


You could see Robin, 3 goblins and a friendly goblin skeleton.

Vanquished Creatures
  2 dart slugs (D:1)
  2 bats
  4 endoplasms
  A giant cockroach (D:1)
  7 goblins
  2 hobgoblins (D:1)
  3 jackals (D:1)
  3 kobolds (D:1)
  5 quokkas
  5 ball pythons (D:1)
  3 frilled lizards (D:1)
  2 rats
39 creatures vanquished.

Notes
Turn   | Place    | Note
-------+----------+-------------------------------------------
     0 | D:1      | oldriver the Mummy Necromancer began the quest for the Orb.
     0 | D:1      | Reached XP level 1. HP: 13/13 MP: 4/4
   194 | D:1      | Reached skill level 1 in Fighting
   200 | D:1      | Reached XP level 2. HP: 21/21 MP: 0/6
   862 | D:1      | Gained mutation: You are in touch with the powers of death.
                  | [Mummy growth]
   862 | D:1      | Reached XP level 3. HP: 27/27 MP: 5/8
   960 | D:1      | Learned a level 3 spell: Vampiric Draining
  1493 | D:2      | Noticed Robin
  1508 | D:2      | Slain by a goblin

Illustrated notes

Levels and vault maps discovered:
D:1:      erik_arrival_blinker_ship, layout_loops_ring
D:2:      layout_loops_corners, chequers_decorated_corner, uniq_robin,
          uniq_terence

Skill      XL: |  1  2  3 |
---------------+----------+-----
Spellcasting   | 3 4 |  4.0
Fighting       | 1 2 |  2.2
Dodging        | |  1.5
Stealth        | |  1.5
Necromancy     | |  4.0

Action                   || total
-------------------------++-------
Melee: Unarmed           ||    31
       Dagger            ||     3
 Cast: Necrotise         ||    73
  Use: Scroll            ||     1
Armor: Robe              ||    21
Dodge: Dodged            ||    32

Table legend: (Time is in decaauts)
 A = Elapsed time spent in this place.
 B = Non-inter-level travel time spent in this place.
 C = Inter-level travel time spent in this place.
 D = Time resting spent in this place.
 E = Time spent auto-exploring this place.
 F = Levels seen in this place.
 G = Mean time per level.
                   A        B        C        D        E       F      G
               +--------+--------+--------+--------+--------+-----+--------+
         Total |   1507 |   1483 |     24 |    161 |   1071 |   2 |  753.5 |
       Dungeon |   1507 |   1483 |     24 |    161 |   1071 |   2 |  753.5 |
               +--------+--------+--------+--------+--------+-----+--------+

Top non-repeatable levels by time:
     D:1: 1334 daAuts
     D:2: 172 daAuts
